 Dungeon Crawl Stone Soup version 0.18-a0-1692-g516f9e9 (webtiles) character file.

14 4thArraOfDagon the Skirmisher (level 2, 0/19 HPs)
             Began as a Kobold Abyssal Knight on Apr 5, 2016.
             Was a Follower of Lugonu.
             Slain by a quokka (1 damage)
             ... on level 2 of the Dungeon.
             The game lasted 00:01:30 (236 turns).

4thArraOfDagon the Skirmisher (KoAK)                 Turns: 236, Time: 00:01:31

Health: 0/19       AC:  3    Str: 10    XL:     2   Next: 60%
Magic:  3/3        EV: 15    Int: 10    God:    Lugonu [*.....]
Gold:   24         SH:  0    Dex: 15    Spells: 0 memorised, 1 level left

rFire  . . .     SeeInvis .     e - +2 dagger (venom)
rCold  . . .     Gourm    .     b - +0 leather armour
rNeg   . . .     Faith    .     (shield restricted)
rPois  .         Spirit   .     (no helmet)
rElec  .         Dismiss  .     (no cloak)
rCorr  .         Reflect  .     (no gloves)
SustAt .         Harm     .     (no boots)
MR     .....                    (no amulet)
Stlth  +.........               (no ring)
                                (no ring)

@: not resistant to hostile enchantments, very unstealthy
A: carnivore 3
a: Depart the Abyss, Renounce Religion


You were on level 2 of the Dungeon.
You worshipped Lugonu.
Lugonu was aware of your devotion.
You were not hungry.

You visited 1 branch of the dungeon, and saw 2 of its levels.
You visited the Abyss 1 time.

You collected 24 gold pieces.

Inventory:

Hand Weapons
 a - a +1 falchion
 e - a +2 dagger of venom (weapon)
Armour
 b - a +0 leather armour (worn)
 d - a +0 pair of boots
Scrolls
 f - a scroll of remove curse {unknown}
Comestibles
 c - 2 meat rations


   Skills:
 + Level 3.4 Fighting
 * Level 2.0 Long Blades
 - Level 0.7 Armour
 + Level 2.9 Dodging
 - Level 2.0 Invocations


You had one spell level left.
You didn't know any spells.

Dungeon Overview and Level Annotations

Branches:
Dungeon (1/15)

Altars:


Innate Abilities, Weirdness & Mutations

You are small and have problems with some larger weapons.
You are carnivorous and can eat meat at any time.


Message History

You hit the dart slug.
The dart slug is severely wounded.
You kill the dart slug!
Lugonu accepts your kill.
Your Long Blades skill increases to level 2!
A quokka comes into view.
Found 12 gold pieces.
f - a scroll labeled HEOHIO ICUIHAIL Unknown command.
There are no items here.
The quokka misses you.
Unknown command.
You hit the quokka.
The quokka is poisoned.
The quokka is heavily wounded.
The quokka bites you.
* * * LOW HITPOINT WARNING * * *
You miss the quokka.
The quokka is heavily wounded.
The quokka bites you.
You die...

### ... ..# ## #.#
..? #### #.# ...(
######.$####.# .....
#.....r.##.†.#......
##@...#...#
#...#...###
#....##.###
#...##.##.# #.##
#.##.# .. #....# #
#.###. #.# . .. .


You could see a quokka.

Vanquished Creatures
  A dart slug (D:2)
  A giant gecko (D:1)
  A bat (D:1)
  A giant cockroach (D:2)
  2 goblins (D:1)
  A hobgoblin (D:1)
  2 giant newts (D:1)
  2 rats (D:1)
11 creatures vanquished.

Notes
Turn   | Place    | Note
--------------------------------------------------------------
     0 | Abyss:1  | 4thArraOfDagon the Kobold Abyssal Knight began the quest for the Orb.
     0 | Abyss:1  | Reached XP level 1. HP: 14/14 MP: 2/2
     9 | Abyss:2  | Found a corrupted altar of Lugonu.
    33 | Abyss:2  | Noticed a large abomination
    58 | Abyss:3  | Found a corrupted altar of Lugonu.
    58 | Abyss:3  | Noticed a dire elephant
    58 | Abyss:3  | Noticed a dire elephant
    58 | Abyss:3  | Noticed a dire elephant
    58 | Abyss:3  | Noticed an elephant
    83 | Abyss:3  | Noticed a small abomination
    86 | Abyss:3  | Noticed a ynoxinul
    87 | Abyss:3  | Noticed a small abomination
    89 | Abyss:3  | Noticed a ynoxinul
    94 | D:1      | Escaped the Abyss
   105 | D:1      | Reached * piety under Lugonu
   152 | D:1      | Reached XP level 2. HP: 19/19 MP: 3/3
   223 | D:1      | You fall through a shaft!
   236 | D:2      | Slain by a quokka

Vault maps used:
D:1:      roderic_octagonal_star
D:2:      uniq_natasha
Abyss:1:  evilmike_abyss_exit_14
Abyss:3:  evilmike_abyss_rune_elephants, minivault_25_ag

Skill      XL: |  1  2 |
---------------+-------+-----
Long Blades    | 2 |  2.0
Fighting       | |  3.4
Armour         | |  0.7
Dodging        | |  2.9
Invocations    | |  2.0

Action                   || total
-------------------------++-------
Melee: Falchion          ||    11
       Dagger            ||    14
Invok: Depart the Abyss  ||     1
 Stab: Sleeping          ||     2
  Eat: Chunk             ||     1
